AoeStats
← DefeatWasCalculated

Arena

505951068Analyzed
4v4 RM · 21d ago on Sep 11, 2026· 48m 20s· 8 players
Game mode
Random Map
Map size
Large (8 player)
Population
200
Speed
Normal
Resources
Standard
Victory
Conquest
Starting age
Dark Age
Ending age
Imperial Age
RankedLock teamsTeams togetherTeam positionsShared explorationLock speedFull tech treeHidden civsTurbo modeCheats
Victory
Defeat
🇷🇺 Saracens · Russia
1000
+13
🇫🇷 Chinese · France
986
+14
🇩🇪 Georgians · Germany
946
+15
🇬🇧 Cumans · United Kingdom
886
+18
🇫🇷 Japanese · France
997
-17
🇮🇳 Bohemians · India
940
-15
🇺🇸 Malians · United States
902
-14
🇩🇪 Mongols · Germany
896
-14
aegis38
4:13 Loom
11:11 Feudal Age
12:48 Man-at-Arms
15:28 Horse Collar
21:27 Castle Age
21:00 Double-Bit Axe
22:34 Squires
22:39 Heavy Plow
23:04 Forging
23:02 Long Swordsman
24:09 Crossbowman
25:50 Gold Mining
27:22 Wheelbarrow
27:06 Town Watch
28:26 Scale Mail Armor
28:19 Fletching
29:12 Ballistics
31:25 Iron Casting
31:09 Arson
32:37 Treadmill Crane
33:01 Stone Mining
33:41 Chain Mail Armor
37:30 Imperial Age
35:59 Fortified Wall
37:13 Bow Saw
37:39 Elite Samurai
38:40 Conscription
40:31 Blast Furnace
41:15 Plate Mail Armor
42:59 Murder Holes
43:05 Bodkin Arrow
43:01 Pikeman
44:32 Bracer
Heftilus
12:53 Feudal Age
17:57 Castle Age
18:42 Double-Bit Axe
24:01 Fletching
25:49 Bodkin Arrow
27:15 Ballistics
26:40 Horse Collar
27:53 Padded Archer Armor
29:08 Heavy Plow
33:32 Imperial Age
31:37 Husbandry
32:25 Bow Saw
32:08 Gold Mining
33:34 Wheelbarrow
36:00 Chemistry
35:44 Bracer
35:53 Thumb Ring
36:41 Parthian Tactics
36:41 Bloodlines
37:32 Hand Cart
38:17 Loom
38:21 Town Watch
DefeatWasCalculated
2:31 Loom
10:22 Feudal Age
14:44 Castle Age
17:22 Double-Bit Axe
17:19 Horse Collar
26:21 Bow Saw
28:02 Heavy Plow
29:30 Fletching
29:42 Padded Archer Armor
30:06 Ballistics
29:27 Treadmill Crane
29:59 Masonry
29:45 Murder Holes
31:18 Wheelbarrow
31:29 Bodkin Arrow
32:38 Chemistry
32:53 Hand Cart
36:46 Imperial Age
38:03 Bracer
38:36 Architecture
38:38 Conscription
38:44 Conscription
39:21 Conscription
39:22 Squires
39:08 Arson
38:44 Pikeman
39:26 Scale Mail Armor
38:50 Houfnice
39:43 Halberdier
40:40 Chain Mail Armor
40:36 Forging
40:46 Leather Archer Armor
.:sTeeL:.
12:26 Feudal Age
11:49 Loom
14:00 Wheelbarrow
13:15 Double-Bit Axe
13:13 Horse Collar
14:40 Gold Mining
17:49 Stone Mining
20:12 Castle Age
oxymoron
12:05 Feudal Age
13:02 Loom
14:18 Wheelbarrow
16:37 Castle Age
16:23 Horse Collar
16:29 Double-Bit Axe
16:43 Stone Mining
20:45 Hand Cart
21:06 Heavy Plow
31:18 Imperial Age
28:55 Gold Mining
30:20 Scale Barding Armor
30:26 Forging
30:38 Bow Saw
31:42 Chain Barding Armor
32:41 Iron Casting
32:31 Conscription
34:27 Plate Barding Armor
34:46 Stone Shaft Mining
34:13 Elite Monaspa
35:58 Blast Furnace
37:49 Scale Mail Armor
39:01 Treadmill Crane
39:38 Masonry
39:38 Fortified Wall
39:46 Bloodlines
39:38 Husbandry
42:57 Ballistics
42:29 Guard Tower
42:26 Arrowslits
42:37 Murder Holes
43:13 Architecture
48:19 Aznauri Cavalry
Kedyros
0:40 Loom
10:14 Feudal Age
16:59 Castle Age
18:18 Double-Bit Axe
27:11 Padded Archer Armor
30:59 Imperial Age
30:36 Thumb Ring
33:34 Elite Chu Ko Nu
34:33 Padded Archer Armor
34:24 Fletching
35:12 Gold Mining
35:07 Horse Collar
34:57 Capped Ram
36:05 Conscription
37:45 Bodkin Arrow
38:05 Leather Archer Armor
37:52 Siege Ram
40:44 Wheelbarrow
39:55 Town Watch
40:50 Gold Shaft Mining
40:21 Bracer
40:52 Ring Archer Armor
40:48 Ballistics
41:29 Chemistry
42:19 Bow Saw
46:42 Hand Cart
46:28 Town Patrol
fred.ferrone
10:59 Feudal Age
10:30 Loom
16:56 Castle Age
15:16 Double-Bit Axe
25:00 Wheelbarrow
26:05 Horse Collar
27:54 Heavy Plow
28:11 Bow Saw
28:07 Stone Mining
28:25 Gold Mining
29:36 Hand Cart
33:30 Imperial Age
31:41 Gold Shaft Mining
31:45 Scale Barding Armor
32:22 Forging
32:46 Caravan
33:14 Chain Barding Armor
34:36 Iron Casting
33:35 Elite Steppe Lancer
34:27 Bloodlines
34:47 Steppe Husbandry
37:29 Two-Man Saw
37:03 Crop Rotation
36:22 Town Watch
38:16 Blast Furnace
37:53 Plate Barding Armor
47:06 Hoardings
Ray
11:03 Feudal Age
15:02 Castle Age
14:35 Double-Bit Axe
15:06 Forging
15:11 Loom
16:42 Town Watch
25:23 Wheelbarrow
26:39 Sanctity
29:12 Masonry
30:42 Murder Holes
31:20 Redemption
31:44 Scale Barding Armor
32:38 Bimaristan
34:10 Bloodlines
35:36 Gold Mining
36:37 Ballistics
36:59 Husbandry
37:26 Caravan
39:49 Fortified Wall
40:26 Hand Cart
41:02 Iron Casting
44:10 Chain Barding Armor
49:54 Imperial Age
Connection lost

Rejoining the realm…

Still unreachable

The connection could not be restored.

Session expired

The server has moved on; the page needs a fresh start.